 Dungeon Sprint DCSS version 0.26.1-11-gd32895ea62 (webtiles) character file.

Game seed: 6101809922456877483

18994 Eitelfritz the Fencer (level 12, -14/108 HPs)
             Began as a Demonspawn Gladiator on Apr 18, 2021.
             Was the Champion of Okawaru.
             Demolished by a white very ugly thing (21 damage)
             ... in the Dungeon (Sprint IX: "|||||||||||||||||||||||||||||").
             The game lasted 00:12:25 (2568 turns).

Eitelfritz the Fencer (Demonspawn Gladiator)        Turns: 2568, Time: 00:12:26

Health: -14/108    AC: 19    Str: 28    XL:     12   Next: 32%
Magic:  5/20       EV: 23    Int: 10    God:    Okawaru [******]
Gold:   677        SH:  6    Dex: 15    Spells: 11/11 levels left

rFire    + . .     SeeInvis .   a - +2 scimitar (flame)
rCold    + . .     Faith    .   (no shield)
rNeg     . . .     Spirit   .   r - +1 chain mail of Words of Power {rC+ Regen+ Str+6}
rPois    .         Reflect  .   o - +1 helmet
rElec    .         Harm     .   y - +0 cloak {Will+}
rCorr    .         Rampage  .   F - +1 pair of gloves
Will     +....     NoTele   +   (no boots)
Stlth    ++........             (no amulet)
HPRegen  0.68/turn              w - ring of stealth
MPRegen  0.17/turn              s - +3 ring of strength

@: agile, heroism, finesse, corroded
A: talons 2, large bone plates 2, fire resistance 1, powered by death 1, powered
by pain 2
a: Renounce Religion, Heroism, Finesse


You were in the Dungeon.
You worshipped Okawaru.
Okawaru was exalted by your worship.
You visited 1 branch You collected 1950 gold pieces.
You spent 1273 gold pieces at shops.

Inventory:

Hand Weapons
 a - a +2 scimitar of flaming (weapon)
 C - a +1 double sword
Missiles
 d - 3 throwing nets (quivered)
 v - 7 silver javelins
Armour
 o - a +1 helmet (worn)
 r - the +1 chain mail of Words of Power (worn) {rC+ Regen+ Str+6}
   (You found it in the Dungeon)

   It affects your strength (+6).
   It protects you from cold.
   It increases your rate of regeneration.
 y - a +0 cloak of willpower (worn)
 F - a +1 pair of gloves (worn)
Jewellery
 b - an uncursed ring of protection from fire
 q - an uncursed ring of fire
 s - a +3 ring of strength (right hand)
 w - a ring of stealth (left hand)
 D - an uncursed ring of protection from cold
 E - an uncursed ring of see invisible
Wands
 n - a wand of iceblast (10)
Scrolls
 j - 2 scrolls of blinking
 l - 4 scrolls of remove curse
 m - 2 scrolls of amnesia
 p - 4 scrolls of enchant weapon
 t - 3 scrolls of fog
 u - 5 scrolls of enchant armour
 x - 2 scrolls of identify
 z - a scroll of random uselessness
 A - a scroll of immolation
Potions
 c - a potion of might
 e - a potion of invisibility
 f - 9 potions of heal wounds
 g - 2 potions of haste
 h - 6 potions of magic
 i - a potion of berserk rage
 k - 7 potions of curing
 B - a potion of resistance


   Skills:
 + Level 14.9(19.9) Fighting
 + Level 16.8(21.8) Long Blades
 + Level 2.7(7.7) Throwing
 + Level 13.6(18.6) Armour
 + Level 8.7(13.7) Dodging
 + Level 2.6(7.6) Stealth
 + Level 6.9(11.9) Shields
 + Level 11.6 Invocations


You had 11 spell levels left.
You didn't know any spells.
Your spell library was empty.

Dungeon Overview and Level Annotations

Branches:
Dungeon (1/1)

Altars:
Cheibriados
Dithmenos
Elyvilon
Fedhas
Gozag
Hepliaklqana
Kikubaaqudgha
Makhleb
Nemelex Xobeh
Okawaru
Qazlal
Ru
Sif Muna
Trog
Uskayaw
Vehumet
Wu Jian
Xom
Yredelemnul
Zin
The Shining One
Beogh
Jiyva
Lugonu

Shops:
D **:*


Innate Abilities, Weirdness & Mutations

You have razor-sharp toenails.
You are mostly covered in large bone plates. (SH +6)
Your flesh is heat resistant. (rF+)
You regenerate a little health from kills.
You sometimes gain power by taking damage.


Message History

Your kick misses the white very ugly thing.
The white very ugly thing is heavily wounded.
The white very ugly thing gores you. The white very ugly thing freezes you!!
You resist.
* * * LOW HITPOINT WARNING * * *
Unknown command.
You can now deal lightning-fast blows.
The white very ugly thing closely misses you.
You gain the combat prowess of a mighty hero.
The white very ugly thing closely misses you.
You barely miss the white very ugly thing.
Your kick misses the white very ugly thing.
The white very ugly thing is heavily wounded.
You slash the white very ugly thing! You burn the white very ugly thing.
You claw the white very ugly thing!
The white very ugly thing is almost dead.
The white very ugly thing gores you!
* * * LOW HITPOINT WARNING * * *
The white very ugly thing freezes you!! You resist.
You die...

▓_▓.▓.▓.▓.▓.▓.▓
▓_▓.▓.▓)▓.▓.▓.▓
▓_▓.▓.▓.▓.▓.▓.▓
▓_▓.▓.▓.▓(▓.▓.▓
▓'▓.▓†▓.▓)▓.▓.▓
▓.▓.▓†▓.▓)▓.▓†▓
▓.▓.▓.▓.▓)▓.▓(▓
▓)▓.▓.▓.▓)▓.▓.▓
▓.▓.▓.▓.▓.▓[▓@▓
▓.▓.▓.▓.▓∩▓.▓u▓
▓.▓.▓.▓.▓.▓.▓{▓
▓.▓.▓.▓.▓∩▓.▓1▓
▓.▓.▓.▓.▓.▓.▓.▓
▓.▓.▓.▓.▓∩▓.▓.▓
▓[▓.▓.▓.▓[▓.▓.▓
▓.▓.▓.▓.▓∩▓.▓*▓
▓.▓.▓=▓.▓.▓.▓


You could see a Tzitzimitl (summoned), a white very ugly thing and a
battlesphere.

Vanquished Creatures
  A stone giant (D)
  A very ugly thing (D)
  Josephine (D)
  A boulder beetle (D)
  2 hydras (D)
  6 ogre magi (D)
  An orc high priest (D)
  An iron troll (D)
  4 deep trolls (D)
  An orc knight (D)
  A wolf spider (D)
  2 cyclopes (D)
  3 cane toads (D)
  A komodo dragon (D)
  A troll (D)
  A polar bear (D)
  2 blink frogs (D)
  A wyvern (D)
  Eustachio (D)
  A yak (D)
  3 wraiths (D)
  A warg (D)
  4 hell hounds (D)
  2 water moccasins (D)
  10 orc warriors (D)
  An eye of draining (D)
  3 wolves (D)
  5 bullfrogs (D)
  A wight (D)
  A howler monkey (D)
  A hound (D)
  An orc wizard (D)
  7 orc priests (D)
  An iguana (D)
  2 worker ants (D)
  An adder (D)
  An ufetubus (D)
  2 adder zombies (D)
  An adder skeleton (D)
  7 orcs (D)
  A bat zombie (D)
  A giant cockroach (D)
  2 goblins (D)
  A jackal (D)
  A quokka (D)
  A ball python skeleton (D)
  A giant cockroach zombie (D)
  A kobold (D)
  A leopard gecko zombie (D)
  A quokka skeleton (D)
  A rat (D)
100 creatures vanquished.

Notes
Turn   | Place    | Note
-------+----------+-------------------------------------------
     0 | D        | Eitelfritz the Demonspawn Gladiator began the quest for the
                  | Orb.
     0 | D        | Reached XP level 1. HP: 16/16 MP: 1/1
    10 | D        | Reached skill level 3 in Long Blades
    61 | D        | Noticed a worker ant
    67 | D        | Gained mutation: You sometimes gain a little power by
                  | taking damage. [demonic ancestry]
    67 | D        | Reached XP level 2. HP: 18/23 MP: 2/2
    87 | D        | Reached skill level 4 in Long Blades
    87 | D        | Reached skill level 1 in Armour
    87 | D        | Gained mutation: You regenerate a little health from kills.
                  | [demonic ancestry]
    87 | D        | Reached XP level 3. HP: 16/29 MP: 3/3
   303 | D        | Found a roughly hewn altar of Beogh.
   303 | D        | Found a snail-covered altar of Cheibriados.
   303 | D        | Found a shadowy altar of Dithmenos.
   303 | D        | Found a white marble altar of Elyvilon.
   303 | D        | Found a blossoming altar of Fedhas.
   303 | D        | Found an opulent altar of Gozag.
   304 | D        | Found a hazy altar of Hepliaklqana.
   305 | D        | Found a viscous altar of Jiyva.
   306 | D        | Found an ancient bone altar of Kikubaaqudgha.
   307 | D        | Found a corrupted altar of Lugonu.
   308 | D        | Found a burning altar of Makhleb.
   309 | D        | Found a sparkling altar of Nemelex Xobeh.
   310 | D        | Found an iron altar of Okawaru.
   311 | D        | Found a stormy altar of Qazlal.
   312 | D        | Found a sacrificial altar of Ru.
   313 | D        | Found a shimmering blue altar of Sif Muna.
   314 | D        | Found a bloodstained altar of Trog.
   315 | D        | Found a hide-covered altar of Uskayaw.
   320 | D        | Found a radiant altar of Vehumet.
   321 | D        | Found an ornate altar of the Wu Jian Council.
   322 | D        | Became a worshipper of Warmaster Okawaru
   323 | D        | Found a shimmering altar of Xom.
   324 | D        | Found a basalt altar of Yredelemnul.
   325 | D        | Found a glowing silver altar of Zin.
   326 | D        | Found a glowing golden altar of the Shining One.
   390 | D        | Reached skill level 5 in Long Blades
   390 | D        | Reached XP level 4. HP: 30/35 MP: 4/4
   408 | D        | Reached skill level 5 in Dodging
   552 | D        | Noticed a cyclops
   562 | D        | Reached skill level 6 in Long Blades
   562 | D        | Gained mutation: You sometimes gain power by taking damage.
                  | [demonic ancestry]
   562 | D        | Reached XP level 5. HP: 28/43 MP: 5/5
   566 | D        | Killed a cyclops
   566 | D        | Reached * piety under Okawaru
   566 | D        | Reached ** piety under Okawaru
   567 | D        | Reached skill level 9 in Long Blades
   567 | D        | Reached skill level 5 in Armour
   567 | D        | Reached skill level 1 in Stealth
   567 | D        | Reached XP level 6. HP: 43/53 MP: 6/6
   567 | D        | Gained mutation: You are partially covered in large bone
                  | plates. (SH +4) [demonic ancestry]
   567 | D        | Reached XP level 7. HP: 48/59 MP: 7/7
   779 | D        | Noticed a five-headed hydra
   779 | D        | Noticed a cane toad
   779 | D        | Noticed a cane toad
   779 | D        | Noticed a yak
   780 | D        | Noticed a blink frog
   781 | D        | Noticed a blink frog
   785 | D        | Killed a one-headed hydra
   785 | D        | Reached *** piety under Okawaru
   786 | D        | Reached skill level 11 in Long Blades
   786 | D        | Gained mutation: You are mostly covered in large bone
                  | plates. (SH +6) [demonic ancestry]
   786 | D        | Reached XP level 8. HP: 41/68 MP: 8/8
   797 | D        | Killed a cane toad
   798 | D        | Reached skill level 1 in Shields
   799 | D        | Killed a cane toad
   800 | D        | Reached skill level 12 in Long Blades
   800 | D        | Gained mutation: You have sharp toenails. [demonic
                  | ancestry]
   800 | D        | Reached XP level 9. HP: 28/76 MP: 9/9
   801 | D        | Reached **** piety under Okawaru
   808 | D        | Reached skill level 13 in Long Blades
  1068 | D        | Noticed a polar bear
  1068 | D        | Noticed a komodo dragon
  1068 | D        | Noticed an eight-headed hydra
  1069 | D        | Noticed a cane toad
  1081 | D        | Killed a polar bear
  1081 | D        | Received a gift from Okawaru
  1088 | D        | Killed a komodo dragon
  1089 | D        | Reached skill level 10 in Fighting
  1094 | D        | Killed a five-headed hydra
  1094 | D        | Reached ***** piety under Okawaru
  1095 | D        | Reached skill level 14 in Long Blades
  1095 | D        | Reached skill level 10 in Armour
  1098 | D        | Killed a cane toad
  1099 | D        | Gained mutation: You have razor-sharp toenails. [demonic
                  | ancestry]
  1099 | D        | Reached XP level 10. HP: 39/86 MP: 9/11
  1484 | D        | Noticed Eustachio
  1494 | D        | Killed Eustachio
  1495 | D        | Reached skill level 5 in Invocations
  1547 | D        | Noticed an orc high priest
  1553 | D        | Received a gift from Okawaru
  1567 | D        | Killed an orc high priest
  1568 | D        | Reached skill level 15 in Long Blades
  1639 | D        | Noticed an orc knight
  1657 | D        | Killed an orc knight
  1671 | D        | Received a gift from Okawaru
  1752 | D        | Found Ammok's General Store.
  1752 | D        | Noticed a deep troll
  1752 | D        | Noticed a stone giant
  1752 | D        | Noticed a deep troll
  1752 | D        | Noticed an ogre mage
  1752 | D        | Noticed an ogre mage
  1752 | D        | Noticed an iron troll
  1760 | D        | Killed a stone giant
  1761 | D        | Gained mutation: Your flesh is heat resistant. (rF+)
                  | [demonic ancestry]
  1761 | D        | Reached XP level 11. HP: 28/96 MP: 13/17
  1761 | D        | Noticed an ogre mage
  1765 | D        | Killed a deep troll
  1767 | D        | Noticed an ogre mage
  1769 | D        | Killed a deep troll
  1772 | D        | Killed an ogre mage
  1781 | D        | Killed an iron troll
  1782 | D        | Reached skill level 5 in Shields
  1782 | D        | Found Yrphusa's Assorted Antiques.
  1785 | D        | Killed an ogre mage
  1786 | D        | Reached skill level 10 in Invocations
  1789 | D        | Killed an ogre mage
  1790 | D        | Reached skill level 16 in Long Blades
  1791 | D        | Found Viniet's Book Emporium.
  1801 | D        | Killed an ogre mage
  1801 | D        | Reached ****** piety under Okawaru
  2044 | D        | Found Momair's Assorted Antiques.
  2046 | D        | Noticed a deep troll
  2048 | D        | Noticed an ogre mage
  2049 | D        | Noticed an ogre mage
  2052 | D        | Noticed a deep troll
  2057 | D        | Killed a deep troll
  2065 | D        | Killed an ogre mage
  2065 | D        | Received a gift from Okawaru
  2071 | D        | Killed an ogre mage
  2078 | D        | Killed a deep troll
  2205 | D        | Bought a scroll of identify for 54 gold pieces
  2205 | D        | Bought a fuming blue potion for 24 gold pieces
  2205 | D        | Bought a shiny plate armour for 702 gold pieces
  2207 | D        | Bought a scroll of random uselessness for 11 gold pieces
  2207 | D        | Bought a scroll of enchant armour for 82 gold pieces
  2207 | D        | Bought a potion of curing for 33 gold pieces
  2207 | D        | Bought a potion of curing for 33 gold pieces
  2214 | D        | Bought a scroll labelled JATWOU CIEWOA for 25 gold pieces
  2214 | D        | Bought a scroll of identify for 50 gold pieces
  2214 | D        | Bought a pink potion for 22 gold pieces
  2214 | D        | Bought a runed great sword for 237 gold pieces
  2254 | D        | Noticed Josephine
  2265 | D        | Reached XP level 12. HP: 107/107 MP: 20/20
  2274 | D        | Killed Josephine
  2468 | D        | Got the +1 chain mail of Words of Power {rC+ Regen+ Str+6}
  2528 | D        | Noticed a boulder beetle
  2533 | D        | Noticed a cyan very ugly thing
  2534 | D        | Noticed a brown very ugly thing
  2537 | D        | Noticed a lich
  2554 | D        | Killed a boulder beetle
  2560 | D        | Killed a brown very ugly thing
  2564 | D        | Noticed a Tzitzimitl
  2568 | D        | Demolished by a white very ugly thing

Illustrated notes

Levels and vault maps discovered:
D:        linesprint [early_d, line_temple, items_1, d_10, items_2, lair_1,
          lair_end, items_3, orc_1, orc_end, items_4, d_15, swamp_1, shoals_1,
          snake_1, spider_1, d_20, vaults_1, items_5, swamp_end, shoals_end,
          snake_end, spider_end, vaults_end, d_27, items_6, zot_1, zot_end,
          crypt_end, forest_end, elf_end, slime_end, tomb_end, abyss_end,
          pan_hell_end]

Skill      XL: |  1  2  3  4  5  6  7  8  9 10 11 12 |
---------------+-------------------------------------+-----
Long Blades    | 3 4 5 6 9 11 12 14 15 16 | 16.8
Dodging        | 4 5 6 7 8 |  8.7
Throwing       | 2 |  2.7
Fighting       | 3 4 6 8 9 10 12 14 | 14.9
Armour         | 1 3 5 7 8 10 11 12 13 | 13.6
Stealth        | 1 2 |  2.6
Shields        | 1 2 4 6 |  6.9
Invocations    | 2 8 11 | 11.6

Action                   |  1- 3 |  4- 6 |  7- 9 | 10-12 || total
-------------------------+-------+-------+-------+-------++-------
Melee: Long sword        |    40 |       |       |       ||    40
       Scimitar          |     6 |    35 |    62 |   268 ||   371
       Kick              |       |       |    20 |   120 ||   140
       Punch             |       |       |       |     3 ||     3
Invok: Heroism           |       |       |       |     5 ||     5
       Finesse           |       |       |       |     3 ||     3
  Use: Potion            |     1 |     1 |       |     2 ||     4
       Scroll            |       |       |       |     3 ||     3
Armor: Leather armour    |     7 |       |       |       ||     7
       Chain mail        |     1 |    13 |    17 |    62 ||    93
Dodge: Dodged            |    34 |    22 |    22 |    76 ||   154
Block: Other             |       |       |    15 |    42 ||    57
       Rpst.: Long sword |     8 |       |       |       ||     8
       Scimitar          |       |     7 |     8 |    17 ||    32
